 Dungeon Crawl Stone Soup version 0.31-a0-188-g5e087ee2ca (webtiles) character file.

Game seed: 15037681721226498976

84 qw the Shooter (level 4, -1/25 HPs)
             Began as a Deep Elf Hunter on June 23, 2023.
             Slain by Sigmund
             ... wielding a +0 scythe of venom
              (11 damage)
             ... on level 2 of the Dungeon.
             The game lasted 00:00:30 (1285 turns).

qw the Shooter (Deep Elf Hunter)                    Turns: 1285, Time: 00:00:30

Health: -1/25      AC:  5    Str: 10    XL:     4   Next: 24%
Magic:  6/6        EV: 12    Int: 14    God:
Gold:   63         SH:  0    Dex: 18    Spells: 3/3 levels left

rFire   . . .        Y - +0 shortbow
rCold   . . .        (shield currently unavailable)
rNeg    . . .        c - +0 leather armour
rPois   .            (no helmet)
rElec   .            (no cloak)
rCorr   .            e - +0 pair of gloves
SInv    .            l - +0 pair of boots
Will    +....        (no amulet)
Stlth   ++           h - ring of willpower
HPRegen 0.24/turn    (no ring)
MPRegen 0.10/turn

%: no passive effects
@: lethally poisoned (-1 -> -18)
A: no striking features
a: no special abilities


You were on level 2 of the Dungeon.
You visited 1 branch of the dungeon, and saw 2 of its levels.

You collected 63 gold pieces.


   Skills:
 - Level 1.5 Fighting
 + Level 7.7 Ranged Weapons
 - Level 2.4 Dodging
 - Level 1.2 Stealth


You had 3 spell levels left.
You didn't know any spells.
Your spell library was empty.

Inventory:

Hand Weapons
 Y - a +0 shortbow (weapon)
Armour
 c - a +0 leather armour (worn)
 e - a +0 pair of gloves (worn)
 l - a +0 pair of boots (worn)
Jewellery
 h - a ring of willpower (left hand)
Potions
 a - a potion of might {unknown}
 f - a potion of enlightenment {unknown}
 g - a potion of lignification {unknown}
 i - a potion of magic {unknown}

Dungeon Overview and Level Annotations

Branches:
Dungeon (2/15)

Altars:

Annotations:
D:2 Sigmund


Message History

Enter note:
Enter note:
Enter note:
Enter note:
Enter note:
Enter note: Sigmund the Dreaded comes into view.
He is wielding a +0 scythe of venom.
You see here a +4 ring of slaying {mikee}.
Enter note:
Enter note:
Enter note:
Enter note:
Enter note:
Enter note:
Enter note:
Enter note:
Enter note: You shoot an arrow.
The arrow hits Sigmund but does no damage.
Sigmund shouts!
Sigmund casts a spell at you.
You are confused.
Sigmund says, "You will soon forget everything."
You feel less confused. Sigmund hits you but does no damage.
You shoot an arrow. The arrow hits Sigmund.
Sigmund is lightly wounded.
Sigmund hits you from afar with a +0 scythe of venom.
You are poisoned.
You shoot an arrow. The arrow barely misses Sigmund.
You feel very sick.
You shoot an arrow. The arrow closely misses Sigmund.
You feel sick.
Sigmund hits you from afar with a +0 scythe of venom.
You are lethally poisoned!
You shoot an arrow. The arrow hits Sigmund.
Sigmund is moderately wounded.
You feel very sick.
Sigmund hits you from afar with a +0 scythe of venom!
You die...

# # ######### #. ###
#.......'
##.#######.####%#######
#>..............# #....
.#....#..........# #....
......#.###.##.....#....
..........#......#.#....
.(#....@.....#...#.#....
#..........+..........
.......@.....###......##
.............+ .........
......#......# .#.#....
..#.....###.... .....
.##<#.#.# .### ##.
###...# # #. #.


You could see Sigmund.

Vanquished Creatures
  Jessica (D:2)
  3 adders (D:2)
  A worm (D:2)
  2 dart slugs
  3 ball pythons
  3 endoplasms
  2 giant cockroaches
  4 bats (D:1)
  A frilled lizard (D:2)
  3 goblins
  A kobold (D:1)
  5 rats
29 creatures vanquished.

Notes
Turn   | Place    | Note
-------+----------+-------------------------------------------
     0 | D:1      | qw the Deep Elf Hunter began the quest for the Orb.
     0 | D:1      | Reached XP level 1. HP: 12/12 MP: 3/3
     0 | D:1      | 0 ||| qw: Version: 0.3-a-9-g12657ce
     0 | D:1      | 0 ||| qw: Game counter: 3585
     0 | D:1      | 0 ||| qw: Always use a shield: true
     0 | D:1      | 0 ||| qw: God list: Okawaru
     0 | D:1      | 0 ||| qw: Allow faded altars: false
     0 | D:1      | 0 ||| qw: Do Orc after D:15 true
     0 | D:1      | 0 ||| qw: Do second Lair branch before Depths: true
     0 | D:1      | 0 ||| qw: Lair rune preference: random
     0 | D:1      | 0 ||| qw: Plans: Normal
     0 | D:1      | 0 ||| PLANNING D:1-11
   165 | D:1      | Reached XP level 2. HP: 16/16 MP: 4/4
   234 | D:1      | Reached skill level 6 in Ranged Weapons
   346 | D:1      | Found a faded altar of an unknown god.
   765 | D:1      | 765 ||| UPGRADING to +0 pair of gloves.
   770 | D:1      | 770 ||| UPGRADING to +0 pair of boots.
   775 | D:1      | 775 ||| UPGRADING to ring of willpower.
   776 | D:1      | 776 ||| READING scroll labelled HAL DECAH LIOL.
   777 | D:1      | 777 ||| READING scroll labelled GOR FUDE ERY.
   807 | D:1      | 807 ||| READING scroll labelled RUNIRGHOEQI.
   810 | D:1      | 810 ||| READING scroll labelled XIRASE WUIPNO.
   811 | D:1      | 811 ||| DROPPING scroll of butterflies.
   953 | D:2      | Reached XP level 3. HP: 20/20 MP: 5/5
  1036 | D:2      | Reached skill level 7 in Ranged Weapons
  1114 | D:2      | Noticed Jessica
  1117 | D:2      | Killed Jessica
  1118 | D:2      | Reached XP level 4. HP: 25/25 MP: 6/6
  1274 | D:2      | Noticed Sigmund
  1285 | D:2      | Slain by Sigmund

Levels and vault maps discovered:
D:1:      sevenhm_arrival_forest_fort_large_4, layout_loops_cross,
          basic_ecumenical_altar
D:2:      layout_basic, uniq_jessica, uniq_sigmund

Skill      XL: |  1  2  3 |
---------------+----------+-----
Ranged Weapons | 6 7 |  7.7
Fighting       | |  1.5
Dodging        | |  2.4
Stealth        | |  1.2

Action                     |  1- 3 |  4- 6 || total
---------------------------+-------+-------++-------
   Fire: Shortbow          |    83 |    34 ||   117
    Use: Scroll            |     4 |       ||     4
 Armour: Leather armour    |    13 |     6 ||    19
  Dodge: Dodged            |    29 |    11 ||    40

Table legend:
 A = Non-vault XP
 B = Vault XP
 C = Vault XP percentage of total XP
 D = Non-vault monster count
 E = Vault monster count
 F = Vault count percentage of total count
                 A         B        C        D         E       F
            +---------+---------+-------+---------+---------+-------
      Total |      84 |      37 |  30.6 |      28 |       1 |   3.4
            +---------+---------+-------+---------+---------+-------
        D:1 |      25 |       0 |   0.0 |      16 |       0 |   0.0
        D:2 |      59 |      37 |  38.5 |      12 |       1 |   7.7
            +---------+---------+-------+---------+---------+-------
